 Dungeon Crawl Stone Soup version 0.22-a0-406-g9ff8d77 (webtiles) character file.

64 zero the Firebug (level 3, 0/19 HPs)
             Began as a Deep Elf Fire Elementalist on May 8, 2018.
             Slain by a goblin
             ... wielding a +0 club
             ... led by Robin
              (6 damage)
             ... on level 3 of the Dungeon.
             The game lasted 00:03:01 (1743 turns).

zero the Firebug (Deep Elf Fire Elementalist)       Turns: 1743, Time: 00:03:02

Health: 0/19       AC:  2    Str:  5    XL:     3   Next: 91%
Magic:  9/9        EV: 13    Int: 20    God:
Gold:   54         SH:  0    Dex: 15    Spells: 2/8 levels left

rFire    . . .     SeeInvis +   d - +0 short sword
rCold    . . .     Gourm    .   (no shield)
rNeg     . . .     Faith    .   a - +0 robe
rPois    .         Spirit   .   (no helmet)
rElec    .         Reflect  .   (no cloak)
rCorr    .         Harm     .   (no gloves)
MR       +....                  (no boots)
Stlth    ++........             (no amulet)
HPRegen  0.06/turn              k - ring of see invisible
MPRegen  0.11/turn              l - ring of protection from magic

@: no status effects
A: no striking features
a: no special abilities


You were on level 3 of the Dungeon.
You were not hungry.

You visited 1 branch of the dungeon, and saw 3 of its levels.

You collected 54 gold pieces.

Inventory:

Hand Weapons
 d - a +0 short sword (weapon)
Armour
 a - a +0 robe (worn)
Jewellery
 k - a ring of see invisible (left hand)
 l - a ring of protection from magic (right hand)
Scrolls
 e - 3 scrolls of teleportation
 f - a scroll of fog
Potions
 b - a potion of curing {unknown}
 g - 2 potions of might {unknown}
Comestibles
 c - 3 rations


   Skills:
 - Level 2.4 Dodging
 - Level 2.4 Stealth
 - Level 3.0 Spellcasting
 + Level 3.0 Conjurations
 + Level 4.4 Fire Magic


You had 2 spell levels left.
You knew the following spells:

 Your Spells              Type           Power        Failure   Level  Hunger
a - Flame Tongue          Conj/Fire      ###..        3%          1    None
b - Throw Flame           Conj/Fire      ###...       4%          2    ##.....
c - Conjure Flame         Conj/Fire      ###.....     9%          3    ###....


Dungeon Overview and Level Annotations

Branches:
Dungeon (3/15)

Altars:

Annotations:
D:3 Robin


Message History

Robin roars a battlecry!
The goblins go into a battle-frenzy!
You hear a shout!
You miss the goblin. The goblin misses you. The goblin hits you. x2
* * * LOW HITPOINT WARNING * * *
The goblin barely misses you.
A goblin comes into view.
There are monsters nearby!
The goblin closely misses you.
The goblin no longer looks unusually strong.
The goblin no longer looks unusually strong. x2
Casting: Flame Tongue (safe; 3% risk of failure)
Confirm with . or Enter, or press ? or * to list all spells.
You don't know that spell.
Unknown command.
The hobgoblin no longer looks unusually strong.
You see here a leopard gecko skeleton.
There is a stone staircase leading up here.
The goblin hits you with a club.
You die...

# #.### # #...# #
#.#.########
##############.#.#).....#
.g........gg.g.........)#
##############.#........#
# ##g#รท######## #
##..gg# # #)..#@# #
##..##.# . #...##.# ..
#<.###.# ... #...# #.#
.... #..#.# #.# .....
...##.# #.. ....######
#.# ##. #.#


You could see a hobgoblin and 3 goblins.

Vanquished Creatures
  2 adders (D:2)
  An ooze (D:1)
  2 worms
  A dart slug (D:1)
  2 leopard geckos (D:3)
  7 bats (D:1)
  2 giant cockroaches (D:1)
  4 hobgoblins
  4 kobolds
  2 frilled lizards
  3 goblins (D:1)
  2 rats (D:1)
32 creatures vanquished.

Notes
Turn   | Place    | Note
-------+----------+-------------------------------------------
     0 | D:1      | zero the Deep Elf Fire Elementalist began the quest for the Orb.
     0 | D:1      | Reached XP level 1. HP: 10/10 MP: 6/6
   393 | D:1      | Reached XP level 2. HP: 15/15 MP: 6/8
   401 | D:1      | Learned a level 2 spell: Throw Flame
  1035 | D:1      | Reached skill level 4 in Fire Magic
  1067 | D:1      | Reached XP level 3. HP: 15/19 MP: 5/9
  1177 | D:1      | Learned a level 3 spell: Conjure Flame
  1717 | D:3      | Noticed Robin
  1743 | D:3      | Slain by a goblin

Vault maps used:
D:1:      evilmike_arrival_run_for_it, hex_tiny
D:2:      kennysheep_the_goblin_king, corexii_shack, uniq_crazy_yiuf_cottage
D:3:      uniq_robin

Skill      XL: |  1  2  3 |
---------------+----------+-----
Conjurations   | 2 3 |  3.0
Fire Magic     | 4 |  4.4
Dodging        | |  2.4
Stealth        | |  2.4
Spellcasting   | |  3.0

Action                   || total
-------------------------++-------
Melee: Unarmed           ||     4
       Short sword       ||    61
 Cast: Flame Tongue      ||    23
       Throw Flame       ||    11
  Use: Scroll            ||     6
 Stab: Sleeping          ||     5
  Eat: Chunk             ||     3
Armor: Robe              ||    22
Dodge: Dodged            ||    59

Table legend:
 A = Spawn XP
 B = Non-spawn XP
 C = Spawn XP percentage of total XP
 D = Spawn monster count
 E = Non-spawn monster count
 F = Spawn count percentage of total count
 G = Total turns spent on level
                    A         B        C        D         E        F      G
               +---------+---------+-------+---------+---------+-------+---------
         Total |       0 |      92 |   0.0 |       0 |      32 |   0.0 |  1743
               +---------+---------+-------+---------+---------+-------+---------
           D:1 |       0 |      49 |   0.0 |       0 |      23 |   0.0 |  1232
           D:2 |       0 |      35 |   0.0 |       0 |       5 |   0.0 |   357
           D:3 |       0 |       8 |   0.0 |       0 |       4 |   0.0 |   154
               +---------+---------+-------+---------+---------+-------+---------
